 Dungeon Crawl Stone Soup version 0.29-a0-1006-g0dd7720b37 (webtiles) character file.

Game seed: 11767550984685123292

576 drpainis the Ruffian (level 7, -6/67 HPs)
             Began as a Troll Fighter on Aug 7, 2022.
             Was a Believer of Nemelex Xobeh.
             Killed by divine providence
             ... invoked by an orc priest
              (9 damage)
             ... on level 5 of the Dungeon.
             The game lasted 00:08:04 (4894 turns).

drpainis the Ruffian (Troll Fighter)                Turns: 4894, Time: 00:08:06

Health: -6/67      AC:  4    Str: 27    XL:     7   Next: 12%
Magic:  6/6        EV:  9    Int:  4    God:    Nemelex Xobeh [**....]
Gold:   223        SH:  7    Dex:  9    Spells: 6/6 levels left

rFire   + . .      SeeInvis .   s - +2 dagger (elec)
rCold   x . .      Faith    +   b - +0 kite shield
rNeg    . . .      Spirit   .   a - +0 robe
rPois   .          Reflect  .   (helmet restricted)
rElec   .          Harm     .   (no cloak)
rCorr   .          Rampage  .   (gloves unavailable)
Will    .....                   (boots unavailable)
Stlth   +.........              m - amulet of faith
HPRegen 1.01/turn               p - ring of fire
MPRegen 0.10/turn               (no ring)

@: no status effects
A: large, unfitting armour, claws 3, regeneration 1, shaggy fur 1, tough skin 1
a: Renounce Religion, Draw Escape, Draw Destruction, Draw Summoning


You were on level 5 of the Dungeon.
You worshipped Nemelex Xobeh.
Nemelex Xobeh was pleased with you.
You visited 1 branch of the dungeon, and saw 5 of its levels.

You collected 223 gold pieces.

Inventory:

Hand Weapons
 s - a +2 dagger of electrocution (weapon)
Armour
 a - a +0 robe (worn)
 b - a +0 kite shield (worn)
Magical Staves
 l - a staff of death
Jewellery
 m - an amulet of faith (around neck)
 p - a ring of fire (left claw)
 t - a ring of protection from fire
 y - a ring of fire
Scrolls
 d - a scroll of noise {unknown}
 e - 2 scrolls of teleportation {unknown}
 f - 2 scrolls of fear {unknown}
 h - 2 scrolls of fog
 j - a scroll of amnesia {unknown}
 n - a scroll of vulnerability {unknown}
 r - a scroll of enchant weapon {unknown}
 u - 2 scrolls of identify
 v - a scroll of magic mapping {unknown}
 w - a scroll of silence {unknown}
 x - a scroll of torment {unknown}
 z - a scroll of enchant armour {unknown}
 B - a scroll of immolation {unknown}
Potions
 c - a potion of might
 g - a potion of ambrosia {unknown}
 i - 6 potions of heal wounds
 k - a potion of berserk rage {unknown}
 o - 3 potions of invisibility {unknown}
 q - a potion of haste
 A - a potion of attraction {unknown}


   Skills:
 + Level 3.3 Fighting
 + Level 1.0 Short Blades
 + Level 4.0 Dodging
 + Level 0.6 Stealth
 + Level 4.1 Shields
 + Level 4.4 Unarmed Combat


You had 6 spell levels left.
You didn't know any spells.
Your spell library contained the following spells:

 Spells                   Type           Power      Damage    Failure   Level
 Ensorcelled Hibernation  Hex/Ice        0%         N/A       89%         2
 Passwall                 Tmut/Erth      0%         N/A       89%         2
 Frozen Ramparts          Ice            0%         1d1       98%         3
 Swiftness                Air            0%         N/A       98%         3
 Anguish                  Hex/Necr       0%         N/A       100%        4
 Ice Form                 Ice/Tmut       0%         N/A       100%        4
 Summon Ice Beast         Ice/Summ       0%         N/A       100%        4
 Enfeeble                 Hex            0%         N/A       100%        7


Dungeon Overview and Level Annotations

Branches:
Dungeon (5/15)             Temple (0/1) D:4

Altars:
Elyvilon
Fedhas
Nemelex Xobeh
Sif Muna
Trog
Vehumet
Zin
The Shining One

Shops:
D:1 =


Innate Abilities, Weirdness & Mutations

You are too large for most types of armour.
You have claws for hands.
Your natural rate of healing is unusually fast.
You are covered in fur. (AC +1)
You have tough skin. (AC +1)


Message History

You hit the orc wizard.
The orc wizard is almost dead.
The orc wizard hits you with a +2 dagger of speed.
A scorpion comes into view.
The ice beast hits you. The ice beast freezes you!!
You feel a terrible chill! The orc wizard barely misses you.
An orc comes into view. It is wielding a +0 hand axe.
The ice beast closely misses you. The ice beast attacks as you move away!
The ice beast hits you. The ice beast freezes you!
You feel a terrible chill!
* * * LOW HITPOINT WARNING * * *
You feel less confused. The orc wizard closely misses you.
An orc comes into view. It is wielding a +0 hand axe.
The orc priest invokes the aid of Beogh against you.
Pain shoots through your body!
* * * LOW HITPOINT WARNING * * *
The orc wizard attacks as you move away!
The orc wizard barely misses you. The ice beast attacks as you move away!
You block the ice beast's attack.
The orc wizard points at you and mumbles some strange words.
The magic dart hits you.
* * * LOW HITPOINT WARNING * * *
The orc wizard gestures wildly while chanting.
The orc wizard flickers and vanishes!
Deactivating autopickup; reactivate with Ctrl-A.
There is a stone staircase leading up here.
You hit the ice beast.
The ice beast is heavily wounded.
The ice beast hits you.
* * * LOW HITPOINT WARNING * * *
The ice beast freezes you!
You feel a terrible chill!
* * * LOW HITPOINT WARNING * * *
You hit the ice beast but do no damage.
Lightning courses through the ice beast!
The ice beast is almost dead.
The orc priest calls down the wrath of Beogh upon you.
Beogh smites you!
You die...
Your body disappears without a glow.

#.# #.# #.# #.#
#.# #.# #.# #@#
#Y# #
########{#.#..#
.......so.....#
.......o.#.####
#####s..##...
.o.... ....
###...# .#...
#...# #..#


You could see an ice beast, a scorpion, an orc priest and an orc.

Vanquished Creatures
  Sigmund (D:3)
  A scorpion (D:4)
  Jessica (D:3)
  An iguana (D:4)
  Ijyb (D:3)
  4 orc wizards
  2 gnolls (D:4)
  5 adders
  4 worms
  4 dart slugs
  8 orcs
  3 ball pythons
  3 endoplasms
  2 giant cockroaches
  3 goblins
  8 hobgoblins
  4 jackals
  A quokka (D:4)
  3 bats
  4 frilled lizards (D:2)
  4 kobolds
  3 rats
70 creatures vanquished.

Vanquished Creatures (collateral kills)
  An orc wizard (D:4)
  2 gnolls (D:4)
3 creatures vanquished.

Grand Total: 73 creatures vanquished

Notes
Turn   | Place    | Note
-------+----------+-------------------------------------------
     0 | D:1      | drpainis the Troll Fighter began the quest for the Orb.
     0 | D:1      | Reached XP level 1. HP: 22/22 MP: 0/0
   263 | D:1      | Reached XP level 2. HP: 29/29 MP: 1/1
   617 | D:1      | Found Afosch's Jewellery Boutique.
  1060 | D:2      | Found a faded altar of an unknown god.
  1187 | D:2      | Prayed at the altar of an unknown god.
  1187 | D:2      | Became a worshipper of Nemelex Xobeh the Trickster
  1187 | D:2      | Reached * piety under Nemelex Xobeh
  1210 | D:2      | Reached XP level 3. HP: 34/36 MP: 2/2
  1479 | D:3      | Noticed Jessica
  1486 | D:3      | Killed Jessica
  1487 | D:3      | Reached XP level 4. HP: 33/44 MP: 3/3
  1663 | D:3      | Noticed Sigmund
  1681 | D:3      | Killed Sigmund
  1682 | D:3      | Reached XP level 5. HP: 8/52 MP: 4/4
  2131 | D:3      | Found a glowing golden altar of the Shining One.
  2131 | D:3      | Found a white marble altar of Elyvilon.
  2131 | D:3      | Found a glowing silver altar of Zin.
  2204 | D:3      | Reached XP level 6. HP: 37/59 MP: 5/5
  2573 | D:4      | Received a gift from Nemelex Xobeh
  2579 | D:4      | HP: 1/59 [something (8)]
  2767 | D:3      | Noticed Ijyb
  2768 | D:3      | Reached ** piety under Nemelex Xobeh
  2771 | D:3      | Killed Ijyb
  2826 | D:3      | Found a radiant altar of Vehumet.
  2839 | D:3      | Identified the +2 leather armour "Olaurchec" {Dex+3}
  3180 | D:3      | Found a shimmering blue altar of Sif Muna.
  3223 | D:3      | Found a blossoming altar of Fedhas.
  3226 | D:3      | Found a bloodstained altar of Trog.
  4257 | D:4      | Reached XP level 7. HP: 41/67 MP: 6/6
  4295 | D:4      | Found a staircase to the Ecumenical Temple.
  4341 | D:4      | Reached skill level 1 in Short Blades
  4805 | D:4      | Received a gift from Nemelex Xobeh
  4879 | D:5      | Entered Level 5 of the Dungeon
  4893 | D:5      | HP: 2/67 [ice beast (7)]
  4894 | D:5      | Killed from afar by an orc priest

Illustrated notes

Levels and vault maps discovered:
D:1:      lemuel_arrival_funnel, layout_loops_corners, serial_shops,
          nicolae_shop_trees, minmay_cupped
D:2:      layout_basic, ebering_ecumenical_altar_ruins
D:3:      layout_basic, dreamdust_divine_triumvirate, minitemple,
          mainiacjoe_overflow_alcove_4, serial_bayou_pond_e, uniq_sigmund,
          uniq_jessica, uniq_ijyb
D:4:      layout_basic, minmay_temple_entry_statues_fountains, minivault_14,
          minmay_quantized
D:5:      layout_basic, general_overflow_altar

Skill      XL: |  1  2  3  4  5  6  7 |
---------------+----------------------+-----
Shields        | 3 4 |  4.1
Dodging        | 3 4 |  4.0
Unarmed Combat | 3 4 |  4.4
Fighting       | 3 |  3.3
Short Blades   | 1 |  1.0
Stealth        | |  0.6

Action                   |  1- 3 |  4- 6 |  7- 9 || total
-------------------------+-------+-------+-------++-------
Melee: Unarmed           |    73 |    58 |       ||   131
       Dagger            |       |   126 |    15 ||   141
Invok: Draw Summoning    |       |     2 |       ||     2
       Draw Destruction  |       |     1 |     2 ||     3
  Use: Potion            |       |     6 |       ||     6
       Scroll            |       |     3 |       ||     3
Armor: Robe              |    39 |    63 |     2 ||   104
Dodge: Dodged            |    34 |    74 |    15 ||   123
Block: Kite shield       |    39 |    77 |     1 ||   117

Table legend: (Time is in decaauts)
 A = Elapsed time spent in this place.
 B = Non-inter-level travel time spent in this place.
 C = Inter-level travel time spent in this place.
 D = Time resting spent in this place.
 E = Time spent auto-exploring this place.
 F = Levels seen in this place.
 G = Mean time per level.
                   A        B        C        D        E       F      G
               +--------+--------+--------+--------+--------+-----+--------+
         Total |   4902 |   4902 |      0 |   1815 |   1966 |   5 |  980.4 |
       Dungeon |   4902 |   4902 |      0 |   1815 |   1966 |   5 |  980.4 |
               +--------+--------+--------+--------+--------+-----+--------+

Top non-repeatable levels by time:
     D:3: 1799 daAuts
     D:4: 1618 daAuts
     D:1: 844 daAuts
     D:2: 625 daAuts
     D:5: 15 daAuts
